Map: Orbital Shipyard

Players

RayReign

  • Race: Protoss Protoss
  • League: Master

KiFirE - Winner!

  • Race: Protoss Protoss
  • League: Master

Event: ASL Season 5 Prime League LOTV Beta

VOD

Have the link to the VOD?

Description

Time

  • Played on: Sept. 4, 2015, 9:37 p.m.
  • Length: 20:08

All games in this series

Show
View Real Time Build Order
Export as new Build Order

RayReign Protoss 

Build Orders:  

Get SALT Encoding   

  12  0:00  Probe (Chrono Boost)  
  13  0:10  Probe (Chrono Boost)  
  14  0:18  Pylon  
  14  0:21  Probe (Chrono Boost)  
  15  0:35  Probe (Chrono Boost)  
  15  0:37  Gateway  
  16  0:45  Probe (Chrono Boost)  
  16  0:48  Assimilator  
  17  0:56  Probe (Chrono Boost), Assimilator  
  18  1:06  Probe (Chrono Boost)  
  19  1:12  Gateway  
  19  1:16  Probe (Chrono Boost)  
  20  1:26  Probe (Chrono Boost)  
  20  1:27  Cybernetics Core  
  21  1:34  Pylon  
  21  1:36  Probe (Chrono Boost)  
  22  1:46  Probe (Chrono Boost)  
  23  2:02  Warp Gate (Chrono Boost)  
  23  2:03  Mothership Core (Chrono Boost), Adept  
  23  2:04  Adept  
  29  2:21  Probe (Chrono Boost)  
  30  2:29  Pylon  
  30  2:47  Stalker x2, Probe (Chrono Boost)  
  35  2:59  Probe  
  36  3:06  Nexus  
  36  3:10  Pylon  
  36  3:13  Pylon  
  36  3:15  Pylon  
  36  3:21  Pylon  
  36  3:35  Probe, Twilight Council  
  37  3:47  Probe (Chrono Boost)  
  34  3:48  Gateway  
  34  4:00  Robotics Facility  
  34  4:16  Blink  
  34  4:17  Probe (Chrono Boost)  
  34  4:18  Probe (Chrono Boost)  
  36  4:27  Probe (Chrono Boost)  
  36  4:29  Probe (Chrono Boost)  
  38  4:33  Stalker  
  38  4:34  Stalker  
  38  4:37  Probe (Chrono Boost)  
  43  4:41  Probe (Chrono Boost)  
  43  4:52  Probe x2 (Chrono Boost), Dark Shrine  
  43  5:04  Probe (Chrono Boost)  
  43  5:06  Probe (Chrono Boost)  
  43  5:11  Observer  
  44  5:16  Stalker x3  
  44  5:17  Probe (Chrono Boost)  
  44  5:19  Probe (Chrono Boost)  
  52  5:27  Probe (Chrono Boost)  
  53  5:29  Probe (Chrono Boost), Pylon  
  53  5:32  Pylon  
  54  5:42  Probe (Chrono Boost)  
  54  5:49  Stalker  
  55  5:50  Stalker x2, Probe (Chrono Boost)  
  55  5:53  Probe (Chrono Boost)  
  55  5:56  Assimilator  
  61  6:01  Probe (Chrono Boost), Assimilator  
  61  6:03  Probe (Chrono Boost)  
  63  6:10  Warp Prism  
  63  6:11  Probe (Chrono Boost)  
  66  6:13  Probe (Chrono Boost)  
  66  6:15  Pylon  
  67  6:21  Probe (Chrono Boost), Pylon  
  67  6:37  Stalker x2  
  67  6:38  Stalker, Forge  
  73  6:54  Gateway  
  73  6:55  Gateway  
  73  6:56  Probe x2 (Chrono Boost)  
  74  7:01  Stalker x2  
  74  7:02  Stalker  
  80  7:13  Photon Cannon x2  
  70  7:36  Stalker  
  70  7:37  Stalker  
  66  7:38  Stalker  
  66  7:39  Probe (Chrono Boost)  
  66  7:43  Protoss Ground Weapons Level 1  
  69  7:45  Probe (Chrono Boost)  
  69  7:47  Nexus  
  70  7:53  Probe (Chrono Boost)  
  70  7:55  Probe (Chrono Boost)  
  72  8:04  Stalker x3  
  76  8:07  Dark Templar  
  76  8:11  Dark Templar  
  80  8:13  Archon  
  80  8:16  Probe x2 (Chrono Boost)  
  80  8:18  Pylon  
  82  8:26  Probe x2 (Chrono Boost)  
  84  8:34  Dark Templar  
  84  8:36  Probe (Chrono Boost)  
  84  8:39  Dark Templar  
  84  8:40  Pylon  
  89  8:41  Archon  
  89  8:42  Dark Templar  
  89  8:46  Dark Templar  
  93  8:49  Probe (Chrono Boost)  
  93  8:54  Archon  
  94  8:58  Probe (Chrono Boost)  
  94  8:59  Probe (Chrono Boost)  
  96  9:07  Dark Templar x2  
  99  9:11  Archon  
  99  9:16  Assimilator  
  98  9:19  Templar Archives  
  98  9:20  Dark Templar  
  98  9:21  Assimilator  
  98  9:22  Dark Templar  
  102  9:27  Pylon  
  102  9:28  Archon  
  102  9:29  Pylon x2  
  102  9:40  Protoss Ground Weapons Level 2  
  102  10:00  Stargate  
  102  10:01  Zealot  
  102  10:02  Zealot x3, Stargate  
  110  10:10  Nexus  
  110  10:12  Pylon  
  110  10:18  Adept  
  112  10:22  Adept x2  
  112  10:23  Adept  
  116  10:29  Dark Templar  
  118  10:40  Stargate  
  114  10:45  Void Ray x2 (Chrono Boost)  
  112  10:54  Assimilator  
  112  10:55  Adept  
  112  10:56  Adept x3  
  115  10:58  Assimilator  
  115  11:01  Pylon  
  115  11:03  Photon Cannon  
  112  11:08  Pylon  
  112  11:22  Void Ray (Chrono Boost), Photon Cannon  
  112  11:25  Void Ray (Chrono Boost), Photon Cannon  
  116  11:28  Pylon  
  120  11:33  Void Ray (Chrono Boost)  
  124  11:56  Void Ray (Chrono Boost)  
  124  11:58  Protoss Air Weapons Level 1 (Chrono Boost)  
  124  11:59  Void Ray (Chrono Boost)  
  126  12:11  Void Ray (Chrono Boost)  
  130  12:29  Gateway  
  130  12:30  Charge  
  130  12:31  Gateway  
  130  12:33  Gateway  
  130  12:35  Void Ray  
  130  12:36  Gateway x2  
  130  12:40  Protoss Ground Weapons Level 3 (Chrono Boost)  
  130  12:43  Void Ray  
  138  12:53  Void Ray  
  138  13:10  Void Ray  
  134  13:20  Void Ray  
  134  13:31  Zealot x5  
  148  13:49  Pylon  
  148  13:51  Photon Cannon  
  148  13:56  Observer (Chrono Boost)  
  148  14:01  High Templar x4  
  157  14:03  Zealot x3  
  157  14:04  Archon x2  
  163  14:11  Warp Prism  
  165  14:28  High Templar x2  
  169  14:34  Zealot  
  169  14:36  Zealot  
  169  14:37  Zealot x5  
  183  14:39  Archon  
  183  14:44  Void Ray  
  183  14:51  Void Ray  
  183  14:52  Pylon  
  191  15:11  Observer  
  191  15:19  High Templar x2  
  191  15:20  Zealot x2  
  200  15:23  Archon  
  200  15:32  Nexus  
  200  15:36  Pylon  
  200  15:38  Assimilator  
  200  15:43  Assimilator  
  200  16:07  Oracle  
  200  16:13  Oracle  
  198  16:22  Gateway  
  198  16:24  Gateway  
  198  16:26  Gateway  
  198  16:29  Gateway  
  194  16:40  Dark Templar x3  
  194  16:43  Photon Cannon  
  194  16:46  Photon Cannon  
  200  16:48  Photon Cannon  
  200  16:50  Photon Cannon x2  
  200  16:53  Void Ray  
  200  17:00  Void Ray x2  
  174  17:26  Fleet Beacon  
  174  17:30  Dark Templar x2  
  174  17:33  Zealot x5  
  174  17:34  Zealot x3  
  194  17:37  Archon  
  194  17:43  Protoss Shields Level 1 (Chrono Boost), Void Ray  
  198  17:52  Archon  
  198  17:53  Dark Templar  
  200  17:59  Archon  
  196  18:13  Zealot  
  182  18:34  High Templar x2  
  182  18:35  High Templar x2  
  182  18:37  Archon  
  182  18:38  Archon  
  182  18:40  Zealot  
  182  18:41  Zealot x5  
  74  19:24  Dark Templar x9  
  74  19:26  Archon x2  
  74  19:27  Archon x2  
  90  19:32  Dark Templar  
  90  19:34  Zealot x4  
  100  19:38  Archon  
Show
View Real Time Build Order
Export as new Build Order

KiFirE Protoss - Winner!

Build Orders: Phoenix Opening 

Get SALT Encoding   

  12  0:00  Probe (Chrono Boost)  
  13  0:11  Probe (Chrono Boost)  
  14  0:18  Pylon  
  14  0:21  Probe (Chrono Boost)  
  15  0:35  Probe (Chrono Boost)  
  15  0:37  Gateway  
  16  0:46  Probe (Chrono Boost)  
  17  0:53  Assimilator  
  17  0:56  Probe (Chrono Boost)  
  18  0:58  Assimilator  
  18  1:06  Probe (Chrono Boost)  
  19  1:16  Probe (Chrono Boost)  
  20  1:23  Pylon  
  20  1:26  Probe (Chrono Boost)  
  20  1:28  Cybernetics Core  
  21  1:36  Probe (Chrono Boost)  
  22  1:46  Probe (Chrono Boost)  
  23  1:56  Probe (Chrono Boost)  
  23  2:01  Pylon  
  24  2:06  Mothership Core (Chrono Boost), Adept  
  28  2:25  Stargate  
  28  2:33  Adept  
  28  2:35  Probe (Chrono Boost)  
  31  2:45  Probe (Chrono Boost), Pylon  
  32  3:02  Adept  
  34  3:10  Nexus  
  33  3:15  Phoenix  
  35  3:21  Cybernetics Core  
  35  3:39  Adept, Phoenix (Chrono Boost)  
  37  3:47  Probe  
  38  3:52  Pylon  
  38  3:57  Warp Gate  
  38  3:59  Probe  
  38  4:01  Phoenix (Chrono Boost)  
  41  4:06  Adept  
  43  4:12  Probe  
  44  4:20  Assimilator  
  44  4:24  Probe  
  45  4:35  Probe  
  45  4:37  Probe  
  47  4:46  Robotics Facility  
  47  4:51  Phoenix (Chrono Boost)  
  49  5:12  Probe  
  49  5:13  Probe  
  51  5:17  Assimilator  
  53  5:22  Probe, Void Ray (Chrono Boost), Assimilator  
  53  5:25  Probe  
  57  5:29  Gateway  
  57  5:30  Gateway  
  57  5:32  Probe  
  57  5:33  Observer  
  59  5:38  Probe  
  59  5:42  Probe  
  59  5:50  Probe  
  59  5:52  Probe  
  61  6:02  Probe x2, Void Ray (Chrono Boost)  
  66  6:11  Pylon  
  67  6:12  Probe  
  67  6:14  Probe  
  67  6:17  Nexus  
  69  6:26  Probe  
  69  6:27  Pylon  
  69  6:29  Immortal  
  69  6:30  Forge  
  74  6:33  Probe  
  74  6:38  Probe  
  76  6:45  Stargate  
  76  6:46  Void Ray (Chrono Boost)  
  76  6:47  Probe  
  76  6:50  Probe  
  82  6:57  Probe  
  83  7:05  Photon Cannon  
  83  7:08  Photon Cannon  
  83  7:12  Photon Cannon  
  83  7:14  Pylon  
  72  7:34  Immortal  
  72  7:36  Probe  
  74  7:38  Probe  
  74  7:40  Void Ray (Chrono Boost), Pylon  
  74  7:42  Pylon  
  74  7:43  Assimilator  
  80  7:49  Assimilator  
  80  7:52  Stalker x3  
  82  8:06  Probe  
  82  8:08  Probe x2  
  85  8:16  Probe, Void Ray (Chrono Boost), Photon Cannon  
  90  8:24  Immortal  
  90  8:26  Sentry  
  92  8:37  Adept  
  92  8:39  Adept  
  100  8:41  Void Ray (Chrono Boost)  
  100  8:46  Protoss Air Weapons Level 1  
  100  8:55  Mothership Core  
  102  8:59  Fleet Beacon  
  102  9:02  Stalker x2  
  106  9:03  Stalker  
  106  9:07  Pylon  
  108  9:12  Pylon  
  108  9:30  Warp Prism  
  110  9:33  Pylon  
  110  9:35  Pylon  
  110  9:36  Carrier x2 (Chrono Boost)  
  110  9:42  Stalker x3  
  116  9:50  Probe  
  116  9:52  Probe x2  
  131  10:00  Graviton Catapult, Probe  
  131  10:18  Adept  
  133  10:24  Pylon  
  126  10:46  Carrier (Chrono Boost)  
  122  11:05  Photon Cannon  
  122  11:10  Carrier (Chrono Boost)  
  128  11:12  Pylon x2  
  128  11:14  Pylon  
  128  11:17  Probe  
  128  11:18  Probe, Pylon  
  128  11:22  Photon Cannon  
  130  11:28  Protoss Air Weapons Level 2 (Chrono Boost)  
  135  11:37  Probe  
  135  11:39  Probe x2  
  138  11:48  Carrier (Chrono Boost)  
  138  11:51  Probe  
  145  12:15  Nexus  
  145  12:17  Pylon  
  145  12:21  Twilight Council, Assimilator  
  145  12:27  Assimilator  
  145  12:31  Probe x3  
  145  12:35  Pylon  
  148  12:37  Pylon  
  148  12:41  Nexus  
  148  12:42  Pylon  
  148  12:43  Probe  
  149  12:49  Probe x2  
  149  12:55  Probe  
  150  13:02  Pylon  
  150  13:04  Pylon  
  153  13:06  Pylon  
  153  13:07  Probe x3  
  153  13:11  Photon Cannon  
  154  13:19  Probe  
  154  13:21  Templar Archives  
  154  13:26  Probe x2  
  156  13:38  Tempest  
  156  13:40  Probe x2  
  156  13:41  Tempest  
  158  13:43  Gateway  
  166  13:49  Probe  
  166  13:50  Probe  
  168  14:01  Photon Cannon  
  168  14:03  High Templar x2  
  168  14:08  Archon  
  172  14:24  Psionic Storm  
  172  14:25  Protoss Air Weapons Level 3 (Chrono Boost)  
  164  14:31  Void Ray x2  
  164  14:35  High Templar x3  
  170  14:40  Stargate  
  170  14:41  Stargate  
  178  14:45  Pylon  
  178  14:47  Probe x2  
  178  14:48  Probe  
  178  14:49  Probe x2  
  183  15:02  High Templar  
  185  15:08  Photon Cannon  
  184  15:20  High Templar x2  
  183  15:24  Archon  
  183  15:32  Assimilator  
  183  15:33  High Templar  
  183  15:34  High Templar  
  187  15:36  Archon  
  187  15:37  Void Ray (Chrono Boost)  
  187  15:41  Void Ray (Chrono Boost)  
  191  15:46  Void Ray x2 (Chrono Boost)  
  193  15:54  High Templar x2  
  197  15:57  Archon  
  197  16:35  Protoss Air Armor Level 1  
  197  16:43  Protoss Ground Weapons Level 1  
  197  16:46  Nexus  
  197  16:47  Pylon  
  197  16:49  Assimilator  
  197  16:54  Assimilator  
  178  17:10  Nexus  
  178  17:16  High Templar  
  180  17:23  Probe x2, Photon Cannon  
  180  17:26  Tempest x2 (Chrono Boost)  
  198  17:33  Void Ray (Chrono Boost)  
  198  17:34  Void Ray (Chrono Boost)  
  198  17:47  Probe x2  
  200  18:04  Dark Shrine  
  192  18:05  Photon Cannon  
  192  18:07  Photon Cannon  
  186  18:41  Photon Cannon  
  186  18:42  Photon Cannon  
  186  18:44  Photon Cannon  
  186  18:46  Photon Cannon x2  
  186  18:47  Photon Cannon  
  186  18:48  Photon Cannon  
  186  18:49  Pylon  
  186  18:57  High Templar x4  
  194  19:04  Archon x2  
  190  19:23  Tempest (Chrono Boost)  
Tags
 
Add a new tag
Caveats
  • Supply blocks, unpowered buildings, or Contaminate may cause inaccurate times.
  • Supply counts are checked every 10 seconds.